 Dungeon Crawl Stone Soup version 0.17-a0-1949-g1acca9a (webtiles) character file.

145 Kusio the Ruffian (level 5, -17/55 HPs)
             Began as a Troll Monk on Oct 2, 2015.
             Demolished by zigs's ghost (20 damage)
             ... on level 3 of the Dungeon.
             The game lasted 00:03:44 (1847 turns).

Kusio the Ruffian (Troll Monk)                      Turns: 1847, Time: 00:03:44

Health: -17/55     AC:  5    Str: 20    XL:     5   Next: 6%
Magic:  4/4        EV: 10    Int:  6    God:
Gold:   151        SH:  0    Dex: 12    Spells: 0 memorised, 4 levels left

rFire  . . .     SeeInvis .       - Unarmed
rCold  . . .     Clarity  .     a - +0 robe
rNeg   . . .     SustAt   .     (no shield)
rPois  .         Gourm    +     (helmet restricted)
rElec  .         Spirit   .     (no cloak)
rCorr  .         Warding  .     (gloves unavailable)
rMut   .         Stasis   .     (boots unavailable)
MR     .....                    (no amulet)
Stlth  +.........               (no ring)
                                (no ring)

@: lethally poisoned (-17 -> -17), not resistant to hostile enchantments, very
unstealthy
A: unfitting armour, claws 3, fast metabolism 3, gourmand, regeneration 2,
robust 1, shaggy fur 1, tough skin 2
a: no special abilities


You were on level 3 of the Dungeon.
You were very full.

You visited 1 branch of the dungeon, and saw 3 of its levels.

You collected 151 gold pieces.

Inventory:

Missiles
 e - 3 tomahawks (quivered)
Armour
 a - a +0 robe (worn)
Scrolls
 c - a scroll of enchant weapon {unknown}
 d - 2 scrolls of remove curse {unknown}
 f - 2 scrolls of immolation {unknown}
 g - a scroll of noise {unknown}
 j - a scroll of fear {unknown}
 k - a scroll of recharging {unknown}
 l - a scroll of blinking {unknown}
Potions
 i - a potion of cancellation {unknown}
 o - a potion of might {unknown}
Comestibles
 b - 2 bread rations
 h - a meat ration
 m - 13 chunks of flesh
 n - a slice of pizza
 p - a beef jerky


   Skills:
 - Level 2.4 Fighting
 - Level 2.4 Dodging
 - Level 1.1 Stealth
 + Level 6.4 Unarmed Combat


You had 4 spell levels left.
You didn't know any spells.

Dungeon Overview and Level Annotations

Branches:
Dungeon (3/15)

Altars:

Annotations:
D:3 zigs's ghost, experienced OgBe


Innate Abilities, Weirdness & Mutations

You are too large for most types of armour.
You have claws for hands.
Your metabolism is lightning-fast.
You like to eat raw meat.
You heal very quickly.
You are covered in fur (AC +1).
You have very tough skin (AC +2).
You are robust (+10% HP).


Message History

You kill the adder!
You feel sick.
You closely miss zigs's ghost. Zigs's ghost hits you.
You barely miss zigs's ghost. Zigs's ghost hits you!!
You claw zigs's ghost!
Zigs's ghost is lightly damaged.
Zigs's ghost barely misses you.
You scratch zigs's ghost but do no damage.
Zigs's ghost is lightly damaged.
You feel sick. Zigs's ghost hits you!
You claw zigs's ghost!
Zigs's ghost is moderately damaged.
Zigs's ghost hits you!!
* * * LOW HITPOINT WARNING * * *
You miss zigs's ghost.
Zigs's ghost is moderately damaged.
You barely miss zigs's ghost.
Zigs's ghost is moderately damaged.
Zigs's ghost hits you!!
You die...

#.##.# #.##.# #..# #†...#
...# #..### ...# #..#
W..# #..# ...# #..# #####
...#
#..######...#########...#
#...............@W......#
#...#####...#########[#.#
#.................. .#
#......#..######### #.
###.##.#..# ## #.##.#..#
#.......# ####.#.## #.#.#


You could see zigs's ghost.

Vanquished Creatures
  Ijyb (D:2)
  Robin (D:2)
  5 adders
  2 oozes
  A giant gecko (D:2)
  A ball python (D:3)
  8 bats
  A giant cockroach (D:1)
  11 goblins
  8 hobgoblins (D:2)
  3 jackals (D:1)
  2 giant newts
  6 kobolds
  9 rats
59 creatures vanquished.

Notes
Turn   | Place    | Note
--------------------------------------------------------------
     0 | D:1      | Kusio the Troll Monk began the quest for the Orb.
     0 | D:1      | Reached XP level 1. HP: 22/22 MP: 0/0
   313 | D:1      | Reached XP level 2. HP: 22/29 MP: 1/1
   948 | D:2      | Reached skill level 5 in Unarmed Combat
   948 | D:2      | Reached XP level 3. HP: 36/36 MP: 2/2
  1064 | D:2      | Gained mutation: Your muscles are strong. (Str +2) [potion of mutation]
  1064 | D:2      | Lost mutation: Your muscles are strong. (Str +2) [potion of mutation]
  1064 | D:2      | Gained mutation: You are robust (+10% HP). [potion of mutation]
  1121 | D:2      | Noticed Ijyb
  1133 | D:2      | Reached XP level 4. HP: 44/48 MP: 3/3
  1134 | D:2      | Killed Ijyb
  1134 | D:2      | Reached skill level 6 in Unarmed Combat
  1664 | D:2      | Noticed Robin
  1689 | D:2      | Killed Robin
  1798 | D:3      | Reached XP level 5. HP: 55/55 MP: 4/4
  1820 | D:3      | Noticed zigs's ghost (experienced OgBe)
  1845 | D:3      | HP: 2/55 [zigs's ghost (20)]
  1847 | D:3      | Demolished by zigs's ghost

Vault maps used:
D:1:      lightli_arrival_farm
D:2:      uniq_iyjb, uniq_robin
D:3:      nicolae_gozag_zags_fifth_avenue

Action                   |  1- 3 |  4- 6 || total
-------------------------+-------+-------++-------
Melee: Unarmed           |    87 |    59 ||   146
  Use: Potion            |     3 |       ||     3
 Stab: Sleeping          |     2 |     1 ||     3
  Eat: Chunk             |    12 |    10 ||    22
